 Dungeon Sprint DCSS version 0.26.1-11-gd32895ea62 (webtiles) character file.

Game seed: 12484781079993054935

6900000 Zeld the Conqueror (level 27, -150/273 HPs)
             Began as a Minotaur Monk on June 15, 2021.
             Was the Champion of Makhleb.
             Annihilated by a destroyer
             ... wielding a +9 vorpal great sword
              (221 damage)
             ... in the Dungeon (Sprint VIII: "Arena of Blood").
             The game lasted 00:01:58 (69 turns).

Zeld the Conqueror (Minotaur Monk)                    Turns: 69, Time: 00:01:58

Health: -150/273   AC:  4    Str: 25    XL:     27
Magic:  26/45      EV: 33    Int:  7    God:    Makhleb [******]
Gold:   0          SH:  0    Dex: 17    Spells: 64/64 levels left

rFire    . . .     SeeInvis .   h - +∞ Axe of Woe
rCold    . . .     Faith    .   (shield currently unavailable)
rNeg     . . .     Spirit   .   a - +0 robe
rPois    .         Reflect  .   (helmet restricted)
rElec    .         Harm     .   (no cloak)
rCorr    .         Rampage  .   (no gloves)
Will     ++...     NoTele   +   (no boots)
Stlth    ++++++++++             (no amulet)
HPRegen  0.55/turn              (no ring)
MPRegen  0.29/turn              (no ring)

@: slowed, very slow
A: retaliatory headbutt, horns 2
a: Renounce Religion, Minor Destruction, Lesser Servant of Makhleb, Major
Destruction, Greater Servant of Makhleb


You were in the Dungeon.
You worshipped Makhleb.
Makhleb was exalted by your worship.
You visited 1 branch

Inventory:

Hand Weapons
 h - the +∞ Axe of Woe (weapon)
   (You found it in the Dungeon)
Armour
 a - a +0 robe (worn)
Scrolls
 g - a scroll of blinking
Potions
 b - a potion of curing
 c - a potion of heal wounds
 d - a potion of haste
 e - 2 potions of magic
 f - a potion of berserk rage


   Skills:
 O Level 27 Fighting
 O Level 27 Short Blades
 O Level 27 Long Blades
 O Level 27 Axes
 O Level 27 Maces & Flails
 O Level 27 Polearms
 O Level 27 Staves
 O Level 27 Slings
 O Level 27 Bows
 O Level 27 Crossbows
 + Level 25.4(27) Throwing
 O Level 27 Armour
 O Level 27 Dodging
 O Level 27 Stealth
 O Level 27 Shields
 O Level 27 Unarmed Combat
 + Level 19.3 Spellcasting
 + Level 22.2 Conjurations
 + Level 19.3 Hexes
 + Level 20.7 Summonings
 + Level 20.9 Necromancy
 + Level 20.9 Translocations
 + Level 22.4 Transmutations
 + Level 20.9 Fire Magic
 + Level 20.9 Ice Magic
 + Level 20.9 Air Magic
 + Level 23.9 Earth Magic
 + Level 22.4 Poison Magic
 O Level 27 Invocations
 + Level 25.7 Evocations


You had 64 spell levels left.
You didn't know any spells.
Your spell library was empty.

Dungeon Overview and Level Annotations

Branches:
Dungeon (1/1)

Altars:
Makhleb


Innate Abilities, Weirdness & Mutations

You reflexively headbutt those who attack you in melee.
You have a pair of horns on your head.


Message History

The meat berserker appears out of thin air!
A meat berserker comes into view. It is wielding a +9 battleaxe.
You hear a shout! x4
The crawling corpse is engulfed in blazing flames.
The crawling corpse is destroyed!
A bag of meat comes into view. It is wielding a +9 war axe.
The dread calls on the powers of darkness!
The bag of meat convulses!
Your body is wracked with pain!
* * * LOW HITPOINT WARNING * * *
The meat berserker convulses!
You hear a shout! x2
The crawling corpse is engulfed in blazing flames.
The crawling corpse is destroyed!
You hear a shout! x6
The meat berserker rages.
You hear a shout!
The destroyer is engulfed in blazing flames.
The destroyer hits you with a +9 vorpal great sword!!!!!
Ouch! That really hurt!
You die...

...o. .. #...
.# . #... ..#
..###... ..###o
....Wz###......
....._..§...
#.XVx°# #_o@)§#
#.x☼°○#
.....xO.....
......###....O.
..###... ..###.
. #... .o# #...
.# ..... ..


You could see a destroyer, a sculptor of flesh, a large abomination, a dread, 2
meat berserkers, 3 bags of meat and 3 crawling corpses.

Vanquished Creatures
  A royal mummy (D)
  7 vampire knights (D)
  28 ogres (D)
  4 two-headed ogres (D)
  34 orcs (D)
  A skeletal warrior (D)
  5 large abominations (D)
  A small abomination (D)
  4 crawling corpses (D)
85 creatures vanquished.

Vanquished Creatures (others)
  3 crawling corpses (D)
3 creatures vanquished.

Grand Total: 88 creatures vanquished

Notes
Turn   | Place    | Note
-------+----------+-------------------------------------------
     0 | D        | Found the +∞ Axe of Woe
     0 | D        | Zeld the Minotaur Monk began the quest for the Orb.
     0 | D        | Reached XP level 1. HP: 19/19 MP: 0/0
     5 | D        | Became a worshipper of Makhleb the Destroyer
     5 | D        | Reached * piety under Makhleb
     5 | D        | Reached ** piety under Makhleb
     5 | D        | Noticed a bag of meat
     6 | D        | Noticed a bag of meat
     6 | D        | Noticed a meat berserker
     7 | D        | Noticed a bag of meat
     7 | D        | Noticed a bag of meat
     7 | D        | Noticed a bag of meat
     8 | D        | Noticed a bag of meat
     8 | D        | Noticed a meat berserker
     9 | D        | Noticed a bag of meat
    11 | D        | Killed a meat berserker
    11 | D        | Noticed a bag of meat
    11 | D        | Noticed a meat berserker
    12 | D        | Reached skill level 5 in Axes
    12 | D        | Reached XP level 2. HP: 59/59 MP: 1/1
    12 | D        | Reached XP level 3. HP: 66/66 MP: 2/2
    12 | D        | Reached XP level 4. HP: 74/74 MP: 3/3
    12 | D        | Reached XP level 5. HP: 81/81 MP: 4/4
    12 | D        | Reached XP level 6. HP: 90/90 MP: 5/5
    12 | D        | Reached XP level 7. HP: 96/96 MP: 6/6
    12 | D        | Reached XP level 8. HP: 105/105 MP: 7/7
    12 | D        | Reached XP level 9. HP: 112/112 MP: 8/8
    12 | D        | Reached XP level 10. HP: 121/121 MP: 9/9
    12 | D        | Reached XP level 11. HP: 127/127 MP: 10/10
    12 | D        | Reached XP level 12. HP: 136/136 MP: 11/11
    12 | D        | Reached XP level 13. HP: 143/143 MP: 12/12
    12 | D        | Killed a meat berserker
    12 | D        | Killed a bag of meat
    12 | D        | Reached *** piety under Makhleb
    13 | D        | Reached XP level 14. HP: 109/162 MP: 13/13
    13 | D        | Killed a bag of meat
    13 | D        | Killed a bag of meat
    13 | D        | Killed a bag of meat
    13 | D        | Noticed a meat berserker
    14 | D        | Reached skill level 27 in Fighting
    14 | D        | Reached skill level 15 in Axes
    14 | D        | Reached skill level 27 in Dodging
    14 | D        | Reached skill level 10 in Stealth
    14 | D        | Reached XP level 15. HP: 174/174 MP: 14/14
    14 | D        | Reached **** piety under Makhleb
    15 | D        | Reached skill level 27 in Unarmed Combat
    15 | D        | Reached XP level 16. HP: 164/183 MP: 15/15
    15 | D        | Killed a meat berserker
    15 | D        | Noticed a meat berserker
    16 | D        | Reached skill level 27 in Axes
    16 | D        | Reached XP level 17. HP: 113/191 MP: 16/16
    16 | D        | Killed a meat berserker
    16 | D        | Reached ***** piety under Makhleb
    16 | D        | Noticed a meat berserker
    18 | D        | Noticed a destroyer
    18 | D        | Noticed a meat berserker
    19 | D        | Noticed a meat berserker
    20 | D        | Killed a meat berserker
    21 | D        | Reached skill level 27 in Stealth
    21 | D        | Reached XP level 18. HP: 200/200 MP: 16/29
    22 | D        | Killed a meat berserker
    22 | D        | Noticed a meat berserker
    22 | D        | Noticed a meat berserker
    23 | D        | Reached skill level 1 in Spellcasting
    23 | D        | Reached skill level 1 in Hexes
    23 | D        | Killed a destroyer
    23 | D        | Noticed a large bag of meat
    24 | D        | Reached skill level 5 in Maces & Flails
    24 | D        | Reached skill level 5 in Polearms
    24 | D        | Reached skill level 5 in Staves
    24 | D        | Reached skill level 5 in Armour
    24 | D        | Reached skill level 5 in Shields
    24 | D        | Reached XP level 19. HP: 207/207 MP: 16/34
    24 | D        | Killed a meat berserker
    24 | D        | Killed a meat berserker
    25 | D        | Reached skill level 5 in Spellcasting
    25 | D        | Reached skill level 5 in Conjurations
    25 | D        | Reached skill level 5 in Hexes
    25 | D        | Reached skill level 5 in Summonings
    25 | D        | Reached skill level 5 in Necromancy
    25 | D        | Reached skill level 5 in Translocations
    25 | D        | Reached skill level 5 in Fire Magic
    25 | D        | Reached skill level 5 in Ice Magic
    25 | D        | Reached skill level 5 in Air Magic
    25 | D        | Reached skill level 5 in Earth Magic
    25 | D        | Reached skill level 5 in Poison Magic
    25 | D        | Reached skill level 27 in Invocations
    25 | D        | Reached XP level 20. HP: 216/216 MP: 16/36
    25 | D        | Noticed a meat berserker
    26 | D        | Noticed a meat berserker
    28 | D        | Killed a meat berserker
    28 | D        | Noticed a meat berserker
    29 | D        | Reached skill level 10 in Maces & Flails
    29 | D        | Reached skill level 10 in Polearms
    29 | D        | Reached skill level 10 in Staves
    29 | D        | Reached skill level 10 in Armour
    29 | D        | Reached skill level 10 in Shields
    29 | D        | Noticed a meat berserker
    30 | D        | Noticed a destroyer
    30 | D        | Killed a meat berserker
    30 | D        | Killed a meat berserker
    31 | D        | Reached skill level 10 in Throwing
    31 | D        | Reached skill level 10 in Evocations
    31 | D        | Reached XP level 21. HP: 224/224 MP: 17/37
    31 | D        | Reached ****** piety under Makhleb
    32 | D        | Reached skill level 10 in Earth Magic
    34 | D        | Reached skill level 10 in Conjurations
    34 | D        | Reached skill level 10 in Transmutations
    34 | D        | Reached skill level 10 in Poison Magic
    34 | D        | Killed a large bag of meat
    34 | D        | Killed a destroyer
    35 | D        | Reached skill level 15 in Maces & Flails
    35 | D        | Reached skill level 15 in Polearms
    35 | D        | Reached skill level 15 in Staves
    35 | D        | Reached skill level 15 in Armour
    35 | D        | Reached skill level 15 in Shields
    35 | D        | Reached skill level 10 in Summonings
    35 | D        | Reached skill level 10 in Necromancy
    35 | D        | Reached skill level 10 in Translocations
    35 | D        | Reached skill level 10 in Fire Magic
    35 | D        | Reached skill level 10 in Ice Magic
    35 | D        | Reached skill level 10 in Air Magic
    35 | D        | Reached XP level 22. HP: 198/233 MP: 18/38
    36 | D        | Reached skill level 15 in Short Blades
    36 | D        | Reached skill level 15 in Slings
    36 | D        | Reached skill level 15 in Bows
    36 | D        | Reached skill level 15 in Crossbows
    36 | D        | Reached skill level 10 in Spellcasting
    36 | D        | Reached XP level 23. HP: 240/240 MP: 18/39
    36 | D        | Noticed a destroyer
    37 | D        | Reached skill level 15 in Evocations
    39 | D        | Reached skill level 15 in Throwing
    40 | D        | Reached skill level 15 in Earth Magic
    40 | D        | Reached XP level 24. HP: 249/249 MP: 19/39
    40 | D        | Killed a destroyer
    40 | D        | Noticed a large bag of meat
    41 | D        | Noticed a destroyer
    41 | D        | Noticed a destroyer
    42 | D        | Reached skill level 15 in Conjurations
    42 | D        | Reached skill level 15 in Transmutations
    42 | D        | Reached skill level 15 in Poison Magic
    44 | D        | Killed a large bag of meat
    44 | D        | Killed a destroyer
    44 | D        | Killed a destroyer
    44 | D        | Noticed a large bag of meat
    45 | D        | Reached skill level 15 in Summonings
    45 | D        | Reached skill level 15 in Necromancy
    45 | D        | Reached skill level 15 in Translocations
    45 | D        | Reached skill level 15 in Fire Magic
    45 | D        | Reached skill level 15 in Ice Magic
    45 | D        | Reached skill level 15 in Air Magic
    45 | D        | Reached XP level 25. HP: 212/257 MP: 20/40
    46 | D        | Reached XP level 26. HP: 255/266 MP: 20/40
    47 | D        | Noticed a large bag of meat
    51 | D        | Reached skill level 15 in Spellcasting
    51 | D        | Reached skill level 15 in Hexes
    51 | D        | Killed a large bag of meat
    53 | D        | Reached XP level 27. HP: 258/273 MP: 22/41
    55 | D        | Killed a large bag of meat
    56 | D        | Noticed a destroyer
    57 | D        | Noticed an accursed
    58 | D        | Noticed a destroyer
    59 | D        | Noticed a destroyer
    63 | D        | Noticed a dread
    64 | D        | Killed a destroyer
    66 | D        | Reached skill level 27 in Maces & Flails
    66 | D        | Reached skill level 27 in Polearms
    66 | D        | Reached skill level 27 in Staves
    66 | D        | Reached skill level 27 in Armour
    66 | D        | Reached skill level 27 in Shields
    67 | D        | Reached skill level 27 in Long Blades
    67 | D        | Killed a destroyer
    67 | D        | Killed an accursed
    68 | D        | Reached skill level 27 in Short Blades
    68 | D        | Reached skill level 27 in Bows
    68 | D        | Reached skill level 27 in Crossbows
    69 | D        | Reached skill level 27 in Slings
    69 | D        | Annihilated by a destroyer

Illustrated notes

Levels and vault maps discovered:
D:        meatsprint

Skill      XL: |  1  2  3  4  5  6  7  8  9 10 11 12 13 14 15 16 17 18 19 20 21 22 23 24 25 26 27 |
---------------+----------------------------------------------------------------------------------+-----
Fighting       | 21 25 27 | 27.0
Axes           | 5 11 15 19 27 | 27.0
Dodging        | 19 23 27 | 27.0
Stealth        | 7 9 10 11 17 27 | 27.0
Unarmed Combat | 19 23 26 27 | 27.0
Invocations    | 16 25 27 | 27.0
Short Blades   | 4 8 11 14 15 17 20 22 27 | 27.0
Long Blades    | 3 6 11 14 16 18 21 23 27 | 27.0
Maces & Flails | 5 8 12 15 17 19 21 22 23 27 | 27.0
Polearms       | 5 8 12 15 17 19 21 22 24 27 | 27.0
Staves         | 5 8 12 15 17 19 21 22 24 27 | 27.0
Slings         | 4 8 11 14 15 17 20 22 27 | 27.0
Bows           | 4 8 11 14 15 17 20 22 27 | 27.0
Crossbows      | 4 8 11 14 15 17 20 22 27 | 27.0
Throwing       | 4 7 10 13 14 16 19 20 25 | 25.4
Armour         | 5 9 12 15 17 19 22 24 27 | 27.0
Shields        | 5 8 12 15 17 19 21 22 24 27 | 27.0
Spellcasting   | 3 5 7 9 10 12 14 15 19 | 19.3
Conjurations   | 3 5 8 11 12 14 16 17 18 22 | 22.2
Hexes          | 3 5 7 9 11 12 14 15 19 | 19.3
Summonings     | 3 5 8 10 11 13 15 16 20 | 20.7
Necromancy     | 3 5 8 10 11 13 15 16 20 | 20.9
Translocations | 3 5 8 10 11 13 15 16 20 | 20.9
Transmutations | 3 6 9 11 12 14 16 18 22 | 22.4
Fire Magic     | 3 5 8 10 11 13 15 16 20 | 20.9
Ice Magic      | 3 5 8 10 11 13 15 16 20 | 20.9
Air Magic      | 3 5 8 10 11 13 15 16 20 | 20.9
Earth Magic    | 3 5 9 12 13 15 17 18 19 23 | 23.9
Poison Magic   | 3 5 8 11 12 14 16 17 18 22 | 22.4
Evocations     | 4 6 10 13 14 16 19 21 25 | 25.7

Action                   |  1- 3 |  4- 6 |  7- 9 | 10-12 | 13-15 | 16-18 | 19-21 | 22-24 | 25-27 || total
-------------------------+-------+-------+-------+-------+-------+-------+-------+-------+-------++-------
Melee: Executioner's axe |     1 |       |       |       |     3 |     5 |     7 |     8 |    18 ||    42
Invok: Greater Servant o |       |       |       |       |       |       |     2 |     1 |     7 ||    10
 Stab: Distracted        |       |       |       |       |       |       |       |     1 |       ||     1
Dodge: Dodged            |       |       |       |       |     1 |       |     1 |       |     1 ||     3
